 Dungeon Crawl Stone Soup version 0.19.1-1-g22dce08 (webtiles) character file.

71 Mako the Covered (level 4, -2/35 HPs)
             Began as a Human Fighter on Jan 13, 2017.
             Slain by Natasha (7 damage)
             ... on level 2 of the Dungeon.
             The game lasted 00:14:49 (1068 turns).

Mako the Covered (Human Fighter)                    Turns: 1068, Time: 00:14:49

Health: -2/35      AC: 10    Str: 16 (17) XL:     4   Next: 47%
Magic:  4/4        EV:  4    Int:  8 (9)  God:
Gold:   104        SH:  9    Dex: 13 (14) Spells: 0 memorised, 3 levels left

rFire  . . .     SeeInvis .     w - +0 mace
rCold  . . .     Gourm    .     y - +1 chain mail {MR+}
rNeg   . . .     Faith    .     c - +0 shield
rPois  .         Spirit   .     (no helmet)
rElec  .         Reflect  .     (no cloak)
rCorr  .         Harm     .     (no gloves)
MR     +....                    (no boots)
Stlth  ..........               (no amulet)
                                (no ring)
                                (no ring)

@: no status effects
A: agile 1, blurry vision 1
a: no special abilities


You were on level 2 of the Dungeon.
You were hungry.

You visited 1 branch of the dungeon, and saw 2 of its levels.

You collected 104 gold pieces.

Inventory:

Hand Weapons
 a - a +0 long sword
 m - a +0 hand axe
 n - a +0 dagger
 r - a +0 spear
 s - a cursed -2 club
 u - a +0 short sword
 w - a +0 mace (weapon)
 x - a +1 flail
Missiles
 l - 31 arrows
Armour
 b - a +0 scale mail
 c - a +0 shield (worn)
 k - a +0 robe
 t - a cursed +0 robe
 v - a +0 chain mail
 y - a +1 chain mail of magic resistance (worn)
Scrolls
 e - 2 scrolls of identify
 i - a scroll of amnesia {op}
Potions
 d - a potion of might
 g - a potion of degeneration
Comestibles
 f - a bread ration
 h - 2 slices of pizza


   Skills:
 + Level 3.4 Fighting
 + Level 3.0 Long Blades
 + Level 3.5 Armour
 - Level 0.2 Dodging
 + Level 3.5 Shields


You had 3 spell levels left.
You didn't know any spells.

Dungeon Overview and Level Annotations

Branches:
Dungeon (2/15)

Altars:

Annotations:
D:2 Natasha


Innate Abilities, Weirdness & Mutations

You are agile. (Dex +2)
Scrolls take you a little longer to read.


Message History

Natasha is moderately wounded.
Natasha barely misses you.
Natasha zaps a wand.
The puff of flame hits you!
* * * LOW HITPOINT WARNING * * *
You sock Natasha!
Natasha is almost dead.
Natasha claws you but does no damage.
You closely miss Natasha.
Natasha is almost dead.
The white imp shouts, "Surrender, thou defiled toenail-biting yak-dropping!"
Natasha drinks a potion.
Natasha is healed!
Natasha claws you but does no damage.
You hit Natasha.
Natasha is severely wounded.
Natasha stares at you and mumbles some strange words.
The magic dart hits you!
You closely miss Natasha.
Natasha is severely wounded.
The crimson imp disappears in a puff of smoke!
Natasha claws you!
You die...

...<# .#..# .#.)#
....#
....###########
##..##......>.#
#.....#######.#
###.##.### #.. ###
.....>.#...#.# #@#
####.#.#.#.#.###h#
#......#.#......5###
#.##.#.#.###.....?.#
# #.#.#.#.........#
#.##.#.#.#.#.......#
#..................#
####...............#
###..##.####....#


You could see Natasha and a white imp.

Vanquished Creatures
  Terence (D:2)
  A gnoll (D:1)
  An adder (D:2)
  A dart slug (D:1)
  2 leopard geckos
  3 bats
  A giant cockroach (D:1)
  2 goblins
  2 hobgoblins (D:1)
  7 jackals (D:2)
  2 kobolds (D:1)
  A rat (D:1)
24 creatures vanquished.

Notes
Turn   | Place    | Note
-------+----------+-------------------------------------------
     0 | D:1      | Mako the Human Fighter began the quest for the Orb.
     0 | D:1      | Reached XP level 1. HP: 18/18 MP: 1/1
    19 | D:1      | Noticed an electric eel
    75 | D:1      | Reached XP level 2. HP: 19/24 MP: 2/2
   638 | D:1      | Reached XP level 3. HP: 22/29 MP: 3/3
   979 | D:2      | Noticed Terence
  1015 | D:2      | Killed Terence
  1015 | D:2      | Reached XP level 4. HP: 4/35 MP: 4/4
  1039 | D:2      | Noticed Natasha
  1052 | D:2      | Gained mutation: Scrolls take you a little longer to read. [potion of mutation]
  1052 | D:2      | Gained mutation: You are agile. (Dex +2) [potion of mutation]
  1068 | D:2      | Slain by Natasha

Skill      XL: |  1  2  3 |
---------------+----------+-----
Long Blades    | 3 |  3.0
Fighting       | |  3.4
Armour         | |  3.5
Dodging        | |  0.2
Shields        | |  3.5

Action                   |  1- 3 |  4- 6 || total
-------------------------+-------+-------++-------
Melee: Long sword        |   125 |       ||   125
       Mace              |       |    17 ||    17
  Use: Scroll            |     1 |     3 ||     4
       Potion            |       |     3 ||     3
Armor: Scale mail        |    22 |       ||    22
       Chain mail        |    78 |    11 ||    89
Dodge: Dodged            |    47 |     2 ||    49
Block: Shield            |    81 |     6 ||    87
       Rpst.: Long sword |    11 |       ||    11
